AoeStats
← thiago.16

MegaRandom

509989491Analyzed
2v2 RM · 4d ago on Sep 28, 2026· 43m 53s· 4 players
Game mode
Random Map
Map size
Medium (4 player)
Population
200
Speed
Normal
Resources
Standard
Victory
Conquest
Starting age
Dark Age
Ending age
Imperial Age
RankedLock teamsTeams togetherTeam positionsShared explorationLock speedFull tech treeHidden civsTurbo modeCheats
Victory
Defeat
🇬🇧 Romans · United Kingdom
711
+9
🇬🇧 Cumans · United Kingdom
551
+15
🇧🇷 Poles · Brazil
543
-12
🇧🇷 Japanese · Brazil
543
-12
Nourext
0:42 Loom
16:15 Feudal Age
17:48 Wheelbarrow
17:00 Double-Bit Axe
16:59 Horse Collar
19:09 Stone Mining
19:30 Town Watch
24:16 Gold Mining
26:39 Castle Age
25:10 Scale Barding Armor
25:16 Forging
25:09 Arson
26:23 Fletching
29:05 Hand Cart
28:54 Heavy Plow
29:07 Bow Saw
29:03 Squires
32:09 Scale Mail Armor
32:08 Bodkin Arrow
33:22 Husbandry
38:10 Chain Mail Armor
39:06 Iron Casting
39:44 Chain Barding Armor
thiago.16
0:31 Loom
11:16 Feudal Age
12:07 Horse Collar
12:22 Double-Bit Axe
13:55 Man-at-Arms
15:48 Scale Mail Armor
17:43 Forging
22:08 Wheelbarrow
21:49 Stone Mining
22:19 Gold Mining
28:05 Castle Age
29:27 Pikeman
30:08 Squires
29:45 Elite Skirmisher
34:06 Bow Saw
36:25 Gold Shaft Mining
36:05 Heavy Plow
39:21 Hand Cart
40:12 Chain Mail Armor
HendoE
13:19 Feudal Age
16:02 Wheelbarrow
14:53 Man-at-Arms
19:40 Double-Bit Axe
20:44 Horse Collar
23:24 Forging
23:15 Padded Archer Armor
27:57 Castle Age
26:05 Stone Mining
28:18 Scale Mail Armor
28:58 Hand Cart
30:13 Heavy Plow
35:52 Bow Saw
37:03 Iron Casting
36:44 Chain Mail Armor
39:28 Capped Ram
40:58 Pikeman
43:49 Scale Barding Armor
43:59 Leather Archer Armor
43:35 Fletching
Crow
5:59 Loom
13:43 Feudal Age
14:49 Man-at-Arms
15:32 Scale Mail Armor
15:58 Double-Bit Axe
18:28 Forging
20:54 Horse Collar
22:38 Fletching
25:55 Castle Age
25:20 Padded Archer Armor
26:04 Bloodlines
28:23 Husbandry
38:13 Long Swordsman
46:56 Imperial Age
Connection lost

Rejoining the realm…

Still unreachable

The connection could not be restored.

Session expired

The server has moved on; the page needs a fresh start.